 Dungeon Crawl Stone Soup version 0.24.0-13-gcf9b319 (webtiles) character file.

Game seed: 18253033843097622491, levelgen mode: deterministic

41 Bronimir the Digger (level 3, 0/30 HPs)
             Began as a Deep Dwarf Earth Elementalist on Mar 16, 2020.
             Slain by a hobgoblin
             ... wielding a +0 club
              (2 damage)
             ... on level 1 of the Dungeon.
             The game lasted 00:06:19 (1139 turns).

Bronimir the Digger (Deep Dwarf Earth Elementalist) Turns: 1139, Time: 00:06:19

Health: 0/30       AC:  3    Str: 11    XL:     3   Next: 32%
Magic:  2/6        EV: 13    Int: 16    God:
Gold:   10         SH:  0    Dex: 13    Spells: 0/6 levels left

rFire    . . .     SeeInvis .   e - +0 club
rCold    . . .     Gourm    .   (no shield)
rNeg     . . .     Faith    .   c - +0 robe
rPois    .         Spirit   .   h - +0 helmet
rElec    .         Reflect  .   (no cloak)
rCorr    .         Harm     .   (no gloves)
MR       .....                  (no boots)
Stlth    ++........             (no amulet)
HPRegen  0.00/turn              (no ring)
MPRegen  0.10/turn              (no ring)

@: non-regenerating
A: damage resistance, heal wounds, sense surroundings 1, no regeneration
a: Heal Wounds


You were on level 1 of the Dungeon.
You were very hungry.

You visited 1 branch of the dungeon, and saw 1 of its levels.

You collected 10 gold pieces.

Inventory:

Hand Weapons
 e - a +0 club (weapon)
Missiles
 b - a stone (quivered)
Armour
 c - a +0 robe (worn)
 h - a +0 helmet (worn)
Scrolls
 a - a scroll of identify {unknown}
 f - a scroll of teleportation {unknown}
 g - a scroll of remove curse {unknown}
 i - a scroll of enchant armour {unknown}
Potions
 j - 3 potions of curing {unknown}
Comestibles
 d - 3 rations


   Skills:
 + Level 0.4 Fighting
 + Level 2.4 Dodging
 - Level 2.7 Stealth
 + Level 2.2 Spellcasting
 + Level 0.8 Transmutations
 * Level 5.0 Earth Magic


You couldn't memorise any spells.
You knew the following spells:

 Your Spells              Type           Power        Failure   Level  Hunger
a - Sandblast             Erth           ###...       2%          1    #......
b - Passwall              Tmut/Erth      ##......     10%         2    ###....
c - Stone Arrow           Conj/Erth      #.....       22%         3    ###....

Your spell library contained the following spells:

 Spells                   Type           Power        Failure   Level  Hunger
 Petrify                  Tmut/Erth      ##......     52%         4    #####..
 Lee's Rapid Deconstruct  Erth           ###.......   58%         5    ######.


Dungeon Overview and Level Annotations

Branches:
Dungeon (1/15)

Altars:
Nemelex Xobeh


Innate Abilities, Weirdness & Mutations

You are resistant to damage.
You can heal yourself by infusing magical energy.
You passively map a small area around you.
You do not regenerate.


Message History

You feel earthy.
You are feeling very hungry.
The goblin closely misses you.
There is an escape hatch in the floor here.
Casting: Stone Arrow (safe; 22% risk of failure)
Confirm with . or Enter, or press ? or * to list all spells.
You don't have enough magic to cast that spell.
Unknown command.
You see here a +0 club.
Your magical contamination has completely faded away.
Casting: Stone Arrow (safe; 22% risk of failure)
Confirm with . or Enter, or press ? or * to list all spells.
Aiming: Stone Arrow (safe; 22% risk of failure)
Press: ? - help, Shift-Dir - straight line, f/p - goblin
Aim: a goblin, wielding a +0 club The stone arrow hits the goblin.
You kill the goblin!
Your Earth Magic skill increases to level 5!
The hobgoblin hits you with a +0 club.
You die...

#.......# #### #.......# ...#
#.......# ...# #.......# ...#
#.......# ...# #.......#
#####...# #.......#
######......####.......#
##......##@....##.......#
#######..#####.g.###.##...)...#
.......>######.### #. ###..####
..#########....# ,..,* #..#
...)........#### .# #..#
#............###.# #..#
..#.####..##.....# #..#
......##......#### #..#
..#......#..#)### ##..#


You could see a hobgoblin.

Vanquished Creatures
  An ooze (D:1)
  A leopard gecko (D:1)
  5 bats (D:1)
  3 giant cockroaches (D:1)
  4 goblins (D:1)
  5 hobgoblins (D:1)
  4 jackals (D:1)
  2 kobolds (D:1)
  2 frilled lizards (D:1)
  3 rats (D:1)
30 creatures vanquished.

Notes
Turn   | Place    | Note
-------+----------+-------------------------------------------
     0 | D:1      | Bronimir the Deep Dwarf Earth Elementalist began the quest
                  | for the Orb.
     0 | D:1      | Reached XP level 1. HP: 15/15 MP: 3/3
    84 | D:1      | Reached XP level 2. HP: 17/22 MP: 0/4
   212 | D:1      | HP: 1/22 [hobgoblin/+0 club (2)]
   480 | D:1      | Learned a level 2 spell: Passwall
   487 | D:1      | Reached XP level 3. HP: 2/28 MP: 1/6
   541 | D:1      | Learned a level 3 spell: Stone Arrow
   926 | D:1      | Found a sparkling altar of Nemelex Xobeh.
  1130 | D:1      | Reached skill level 5 in Earth Magic
  1139 | D:1      | Slain by a hobgoblin

Levels and vault maps discovered:
D:1:      saegor_arrival_simple_b, layout_rooms, nemelex_altar_shiori

Skill      XL: |  1  2  3 |
---------------+----------+-----
Spellcasting   | 2 |  2.2
Earth Magic    | 5 |  5.0
Fighting       | |  0.4
Dodging        | |  2.4
Stealth        | |  2.7
Transmutations | |  0.8

Action                   || total
-------------------------++-------
Melee: Unarmed           ||     2
       Club              ||    23
 Cast: Sandblast         ||    30
       Stone Arrow       ||     8
  Use: Potion            ||     1
  Eat: Chunk             ||     1
Armor: Robe              ||    39
Dodge: Dodged            ||    64
